 Dungeon Crawl Stone Soup version 0.29.0-4-gdea44cf6ec (webtiles) character file.

Game seed: 8576031434833089635

63 qw the Chopper (level 4, -4/26 HPs)
             Began as a Tengu Warper on Aug 28, 2022.
             Slain by a gnoll
             ... wielding a +0 flail
              (9 damage)
             ... on level 2 of the Dungeon.
             The game lasted 00:00:06 (1702 turns).

qw the Chopper (Tengu Warper)                       Turns: 1702, Time: 00:00:07

Health: -4/26      AC:  9    Str: 13    XL:     4   Next: 9%
Magic:  8/8        EV:  6    Int: 14    God:
Gold:   61         SH:  0    Dex: 13    Spells: 7/7 levels left

rFire   . . .      SeeInvis .   Y - +1 hand axe
rCold   . . .      Faith    .   (no shield)
rNeg    . . .      Spirit   .   o - +0 chain mail
rPois   .          Reflect  .   (helmet restricted)
rElec   .          Harm     .   e - +0 cloak
rCorr   .          Rampage  .   (no gloves)
Will    .....                   (boots unavailable)
Stlth   ..........              (no amulet)
HPRegen 0.08/turn               (no ring)
MPRegen 0.11/turn               (no ring)

@: no status effects
A: beak, talons 3
a: no special abilities


You were on level 2 of the Dungeon.
You visited 1 branch of the dungeon, and saw 3 of its levels.

You collected 61 gold pieces.


Innate Abilities, Weirdness & Mutations

You have a beak for a mouth.
You have claws for feet.


   Skills:
 - Level 2.0 Fighting
 + Level 4.7 Axes
 - Level 1.0 Throwing
 - Level 1.1 Armour
 - Level 2.1 Dodging
 - Level 2.0 Spellcasting
 - Level 2.4 Translocations


You had 7 spell levels left.
You didn't know any spells.
Your spell library contained the following spells:

 Spells                   Type           Power      Damage    Failure   Level
 Blink                    Tloc           16%        N/A       99%         2
 Gell's Gravitas          Tloc           8%         N/A       100%        3
 Lesser Beckoning         Tloc           8%         N/A       100%        3
 Teleport Other           Tloc           8%         N/A       100%        3
 Manifold Assault         Tloc           8%         N/A       100%        5

Inventory:

Hand Weapons
 i - a +0 mace
 Y - a +1 hand axe (weapon)
Missiles
 d - 4 boomerangs of dispersal
 j - 5 javelins (quivered)
Armour
 e - a +0 cloak (worn)
 o - a +0 chain mail (worn)
Potions
 f - a potion of brilliance {unknown}
 g - a potion of flight {unknown}
 h - a potion of heal wounds {unknown}
 l - a potion of lignification {unknown}
 n - a potion of curing

Dungeon Overview and Level Annotations

Branches:
Dungeon (3/15)

Altars:
Dithmenos


Message History

You climb downwards.
The gnoll shouts! x4
There is a stone staircase leading up here.
There are monsters nearby!
Existing waypoints: (1) D:2 (2) D:1 Assign waypoint to what number? (0-9, D - delete waypoint) Waypoint 2 re-assigned from D:1 to D:3.
1696 ||| STAIRDANCE The gnoll hits you with a +0 spear.
The gnoll hits you but does no damage.
You climb upwards.
There is a stone staircase leading down here.
Enter note:
Enter note:
Enter note:
Enter note:
Enter note:
Enter note:
Enter note:
Enter note:
Enter note: You hit the gnoll.
You peck the gnoll.
The gnoll is heavily wounded.
You hit the gnoll. The gnoll hits you with a +0 spear.
The gnoll hits you with a +0 flail.
You slash the gnoll!
You kill the gnoll!
You hit the gnoll but do no damage. The gnoll barely misses you.
You have reached level 4!
You feel clever.
You hit the gnoll but do no damage.
The gnoll is lightly wounded.
The gnoll hits you with a +0 flail!
You barely miss the gnoll. Your peck misses the gnoll.
The gnoll is lightly wounded.
The gnoll completely misses you.
You barely miss the gnoll.
The gnoll is lightly wounded.
The gnoll hits you with a +0 flail!
You die...

........[...########
##.#####...........# ##.#
#..#.######.# ##.#####..#.# #.#
##........#.# #.# ...)......#.#
#.# ....####..#.## #.# #####
#.....#####.#######
########..#....)@g.......#
..............####.#####.# #
########..###...##.# #.# #
#..###.#.##.# #.# #
#####..##....##.# #.# #
#.........#.....# ##.########
#.####.##...##### #..........
####.####.###..## #..........
...............>#######.#########


You could see a gnoll.

Vanquished Creatures
  A jelly (D:2)
  A gnoll (D:2)
  A worm (D:2)
  A dart slug (D:2)
  A ball python (D:1)
  An endoplasm (D:1)
  4 goblins (D:1)
  2 hobgoblins
  A kobold (D:2)
  A quokka (D:2)
  A bat (D:1)
  3 frilled lizards
18 creatures vanquished.

Notes
Turn   | Place    | Note
-------+----------+-------------------------------------------
     0 | D:1      | qw the Tengu Warper began the quest for the Orb.
     0 | D:1      | Reached XP level 1. HP: 12/12 MP: 4/4
     0 | D:1      | 0 ||| qw: Version: 0.1-a-89-g26bdef1
     0 | D:1      | 0 ||| qw: Game counter: 2575
     0 | D:1      | 0 ||| qw: Always use a shield: true
     0 | D:1      | 0 ||| qw: God list: Okawaru
     0 | D:1      | 0 ||| qw: Allow faded altars: false
     0 | D:1      | 0 ||| qw: Do Orc after D:15 true
     0 | D:1      | 0 ||| qw: Do second Lair branch before Depths: true
     0 | D:1      | 0 ||| qw: Lair rune preference: random
     0 | D:1      | 0 ||| qw: Plans: Normal
     0 | D:1      | 0 ||| PLANNING D:1-11
    18 | D:1      | Found a faded altar of an unknown god.
    71 | D:1      | HP: 1/12 [goblin/+0 club (4)]
   470 | D:1      | Reached XP level 2. HP: 17/17 MP: 6/6
   476 | D:1      | Reached skill level 3 in Axes
   549 | D:1      | 549 ||| Stepping ~*~*~tactically~*~*~ (stealth).
   734 | D:1      | 734 ||| UPGRADING to +0 chain mail.
   744 | D:1      | 744 ||| DROPPING +0 leather armour.
   745 | D:1      | 745 ||| READING scroll labelled SIUR UHEMIDYS.
   746 | D:1      | 746 ||| READING scroll labelled TYOJYASKER.
   749 | D:1      | 749 ||| READING scroll labelled YSUHEUG NEZOERHE.
   750 | D:1      | 750 ||| READING scroll labelled XISUS VULEOCK.
   751 | D:1      | 751 ||| READING scroll labelled PILIRIKKOE.
   752 | D:1      | 752 ||| DROPPING scroll of blinking.
   775 | D:2      | Found a shadowy altar of Dithmenos.
  1130 | D:2      | Reached skill level 4 in Axes
  1130 | D:2      | Reached XP level 3. HP: 15/21 MP: 7/7
  1433 | D:2      | 1433 ||| DROPPING +0 club.
  1678 | D:2      | 1678 ||| UPGRADING to +0 cloak.
  1683 | D:2      | 1683 ||| READING scroll labelled WAIG EGHAMOTS.
  1684 | D:2      | 1684 ||| READING scroll labelled NONKIMM UZOD.
  1685 | D:2      | 1685 ||| READING scroll labelled DOREMNUHENN.
  1686 | D:2      | 1686 ||| DRINKING 2 viscous purple potions.
  1696 | D:3      | 1696 ||| STAIRDANCE
  1700 | D:2      | Reached XP level 4. HP: 11/26 MP: 8/8
  1700 | D:2      | HP: 4/26 [gnoll/+0 flail (7)]
  1702 | D:2      | Slain by a gnoll

Levels and vault maps discovered:
D:1:      dpeg_arrival_windows_large_door, layout_basic,
          ebering_ecumenical_altar_rust, grunt_decor_mini_mirrors,
          minmay_misc_feat_rugged, feat_on_display
D:2:      layout_loops_ring, basic_altar, minmay_crystal_room
D:3:      layout_rooms, minivault_23, uniq_terence, uniq_robin

Skill      XL: |  1  2 |
---------------+-------+-----
Axes           | 4 |  4.7
Fighting       | |  2.0
Throwing       | |  1.0
Armour         | |  1.1
Dodging        | |  2.1
Spellcasting   | |  2.0
Translocations | |  2.4

Action                   |  1- 3 |  4- 6 || total
-------------------------+-------+-------++-------
Melee: Hand axe          |    32 |     3 ||    35
       Peck              |     4 |       ||     4
       Kick              |     8 |       ||     8
Throw: Javelin           |    11 |       ||    11
       Boomerang         |     3 |       ||     3
  Use: Scroll            |     8 |       ||     8
       Potion            |     1 |       ||     1
Armor: Leather armour    |     1 |       ||     1
       Chain mail        |     7 |       ||     7
Dodge: Dodged            |     7 |     1 ||     8

Table legend:
 A = Non-vault XP
 B = Vault XP
 C = Vault XP percentage of total XP
 D = Non-vault monster count
 E = Vault monster count
 F = Vault count percentage of total count
                 A         B        C        D         E       F
            +---------+---------+-------+---------+---------+-------
      Total |      90 |       0 |   0.0 |      18 |       0 |   0.0
            +---------+---------+-------+---------+---------+-------
        D:1 |      17 |       0 |   0.0 |      10 |       0 |   0.0
        D:2 |      73 |       0 |   0.0 |       8 |       0 |   0.0
            +---------+---------+-------+---------+---------+-------
